Map: Ephemeron LE

Players

AturSams - Winner!

  • Race: Zerg Zerg
  • League: Gold
  • Spawn Location: 11:00

A.I. 1 (Medium)

  • Race: Protoss Protoss
  • Spawn Location: 5:00

VOD

Have the link to the VOD?

Description

Time

  • Played on: Jan. 17, 2020, 7:07 a.m.
  • Length: 12:06
Show
View Real Time Build Order
Export as new Build Order

AturSams Zerg - Winner!

Build Orders: Hatch First 

Get SALT Encoding   

  12  0:01  Drone  
  13  0:13  Overlord  
  13  0:17  Drone  
  14  0:32  Drone x2  
  16  0:51  Hatchery  
  15  0:58  Drone x2  
  15  1:01  Drone  
  18  1:19  Spawning Pool  
  18  1:24  Extractor  
  16  1:26  Drone  
  16  1:27  Drone  
  18  1:53  Drone x2, Overlord  
  20  2:06  Queen x2  
  24  2:14  Drone  
  24  2:15  Drone, Overlord  
  26  2:20  Drone  
  27  2:27  Drone  
  28  2:30  Drone  
  28  2:35  Drone  
  30  2:37  Drone  
  30  2:42  Queen  
  33  2:48  Lair  
  33  2:56  Drone  
  33  2:57  Drone  
  35  2:58  Drone  
  35  2:59  Overlord  
  36  3:09  Roach Warren  
  36  3:10  Drone  
  36  3:11  Drone  
  37  3:18  Drone  
  39  3:20  Drone x2  
  39  3:21  Drone, Overlord  
  41  3:34  Drone  
  42  3:49  Hatchery  
  41  3:55  Evolution Chamber  
  41  3:57  Extractor x2  
  38  4:04  Roach x2  
  38  4:05  Roach  
  38  4:06  Queen  
  38  4:09  Drone  
  47  4:11  Roach  
  47  4:12  Overlord  
  49  4:20  Hatchery  
  48  4:24  Zerg Missile Weapons Level 1  
  48  4:25  Glial Reconstitution  
  48  4:28  Drone x3  
  48  4:29  Roach  
  53  4:35  Drone x2  
  55  4:47  Drone  
  55  4:48  Drone  
  55  4:49  Overlord, Roach x2  
  61  5:08  Queen  
  61  5:10  Drone  
  61  5:12  Drone x2  
  66  5:16  Overlord, Roach  
  66  5:17  Drone x3  
  71  5:25  Drone  
  71  5:26  Drone  
  71  5:27  Drone  
  74  5:36  Hydralisk Den  
  74  5:42  Drone x8  
  81  5:43  Hatchery  
  80  5:55  Queen  
  83  6:04  Drone x3  
  83  6:05  Drone x9  
  83  6:09  Extractor  
  93  6:13  Extractor  
  92  6:22  Drone  
  92  6:23  Drone x3  
  96  6:25  Overlord  
  96  6:26  Overlord x3  
  96  6:45  Drone x2  
  96  6:46  Drone x13  
  111  7:00  Extractor, Muscular Augments  
  110  7:05  Extractor  
  109  7:09  Hydralisk  
  109  7:10  Hydralisk x11  
  109  7:11  Overlord  
  109  7:12  Overlord, Evolution Chamber  
  132  7:23  Extractor  
  132  7:25  Extractor  
  130  7:39  Overlord  
  130  7:40  Overlord x4  
  130  7:41  Hydralisk x6  
  142  7:55  Drone  
  142  7:56  Drone x7  
  142  7:58  Overlord x3  
  150  8:01  Hydralisk  
  150  8:02  Hydralisk x2  
  150  8:04  Hydralisk  
  158  8:47  Hydralisk  
  158  8:48  Hydralisk x9  
  160  8:49  Hydralisk  
  160  8:51  Hydralisk  
  160  8:54  Hydralisk  
  184  8:56  Hydralisk  
  186  9:03  Hydralisk x3  
  186  9:04  Hydralisk  
  194  9:10  Hydralisk x2  
  194  9:11  Hydralisk  
  200  9:38  Zerg Missile Weapons Level 2  
  200  9:39  Zerg Ground Armor Level 1  
  200  9:43  Grooved Spines  
  196  9:50  Hydralisk  
  196  9:51  Hydralisk x5  
  200  9:59  Hydralisk x4  
  198  11:10  Hatchery  
  197  11:19  Hatchery x2  
  195  11:26  Drone x2  
  195  11:27  Drone  
  195  11:28  Drone  
  199  11:33  Drone  
  199  11:34  Hatchery  
  199  11:36  Drone, Hatchery  
  199  11:37  Drone  
  200  11:44  Hatchery x2  
Show
View Real Time Build Order
Export as new Build Order

A.I. 1 (Medium) Protoss 

Build Orders: 1 Gate Expand 

Get SALT Encoding   

  12  0:00  Probe  
  13  0:13  Probe  
  14  0:20  Pylon  
  14  0:25  Probe  
  15  0:34  Probe  
  15  0:42  Probe  
  17  0:50  Gateway  
  17  1:09  Probe  
  17  1:11  Nexus  
  18  1:27  Pylon  
  18  1:30  Assimilator  
  20  1:40  Zealot  
  20  1:42  Probe, Cybernetics Core  
  21  1:54  Probe  
  22  2:04  Probe, Gateway  
  23  2:11  Stalker  
  23  2:12  Assimilator  
  23  2:16  Probe, Warp Gate  
  23  2:18  Pylon  
  26  2:28  Probe  
  27  2:38  Zealot  
  27  2:40  Probe  
  30  3:00  Assimilator  
  30  3:02  Stalker  
  32  3:15  Assimilator  
  32  3:24  Probe  
  32  3:26  Adept  
  36  3:27  Probe  
  36  3:36  Probe  
  36  3:39  Probe  
  38  3:48  Probe, Stalker  
  39  3:51  Probe  
  39  3:52  Robotics Facility  
  42  4:01  Probe  
  43  4:04  Probe  
  44  4:14  Probe, Pylon  
  45  4:17  Probe  
  46  4:26  Probe, Stalker  
  46  4:30  Probe  
  50  4:39  Probe  
  50  4:41  Pylon  
  50  4:42  Probe  
  52  4:51  Probe, Sentry  
  55  4:54  Probe  
  56  5:03  Probe  
  56  5:06  Probe  
  58  5:07  Pylon  
  58  5:08  Immortal  
  58  5:14  Probe  
  58  5:15  Probe  
  64  5:24  Probe  
  64  5:27  Probe, Pylon  
  66  5:35  Probe  
  66  5:39  Adept  
  69  5:44  Probe  
  69  5:45  Observer  
  69  5:46  Forge  
  69  5:48  Probe  
  72  5:50  Pylon  
  72  5:56  Probe  
  73  6:00  Probe  
  74  6:04  Observer  
  74  6:08  Probe, Pylon  
  74  6:11  Pylon  
  76  6:12  Probe, Immortal  
  77  6:18  Stargate  
  77  6:20  Probe, Photon Cannon  
  77  6:21  Photon Cannon  
  77  6:24  Twilight Council  
  78  6:29  Gateway  
  82  6:33  Photon Cannon  
  82  6:38  Photon Cannon  
  82  6:44  Forge  
  82  6:48  Immortal  
  86  8:54  Nexus  
  86  9:40  Warp Prism  
  86  9:41  Stalker  
  80  9:48  Zealot  
  68  9:54  Gateway  
  68  9:55  Void Ray  
  68  9:57  Robotics Facility  
  68  9:59  Stargate  
  62  10:02  Dark Shrine  
  62  10:03  Stalker  
  64  10:07  Probe  
  64  10:10  Probe, Stalker  
  45  10:15  Warp Prism  
  45  10:17  Zealot  
  45  10:19  Probe  
  31  10:22  Probe  
  31  10:25  Stalker  
  25  10:29  Probe  
  25  10:34  Probe, Void Ray  
  24  10:36  Pylon  
  24  10:37  Probe  
  24  10:39  Pylon  
  24  10:41  Assimilator  
  24  10:42  Sentry  
  31  10:46  Probe  
  31  10:49  Pylon  
  28  10:51  Templar Archives, Adept  
  28  10:52  Probe  
  28  10:53  Robotics Bay  
  22  10:58  Probe  
  22  11:00  Zealot  
  21  11:06  Assimilator  
  21  11:10  Probe, Zealot  
  21  11:12  Gateway  
  21  11:15  Cybernetics Core  
  20  11:22  Probe, Forge  
  21  11:34  Probe  
  17  11:46  Probe  
Tags
 
Add a new tag
Caveats
  • Supply blocks, unpowered buildings, or Contaminate may cause inaccurate times.
  • Supply counts are checked every 10 seconds.